 Dungeon Crawl Stone Soup version 0.22-a0-824-g1ca9aab89c (webtiles) character file.

217 Azzok the Digger (level 5, -2/28 HPs)
             Began as a Gargoyle Earth Elementalist on July 24, 2018.
             Slain by an orc
             ... wielding a +0 short sword
              (3 damage)
             ... on level 3 of the Dungeon.
             The game lasted 00:04:44 (3057 turns).

Azzok the Digger (Gargoyle Earth Elementalist)      Turns: 3057, Time: 00:04:45

Health: -2/28      AC:  6    Str:  9 (11) XL:     5   Next: 94%
Magic:  8/8        EV: 12    Int: 14 (17) God:
Gold:   101        SH:  0    Dex:  9 (10) Spells: 4/8 levels left

rFire    . . .     SeeInvis .   s - +1 dagger (venom)
rCold    . . .     Gourm    .   (no shield)
rNeg     + . .     Faith    .   c - +0 robe
rPois    ∞         Spirit   .   (no helmet)
rElec    +         Reflect  .   (no cloak)
rCorr    .         Harm     .   (no gloves)
MR       .....                  (no boots)
Stlth    ++........             (no amulet)
HPRegen  0.09/turn              (no ring)
MPRegen  0.11/turn              (no ring)

@: no status effects
A: negative energy resistance 1, electricity resistance, unbreathing,
petrification resistance, rot immunity, AC +4
a: no special abilities


You were on level 3 of the Dungeon.
You were not hungry.

You visited 1 branch of the dungeon, and saw 3 of its levels.

You collected 101 gold pieces.

Inventory:

Hand Weapons
 s - a +1 dagger of venom (weapon)
Missiles
 b - 30 stones (quivered)
Armour
 c - a +0 robe (worn)
Jewellery
 l - an uncursed ring of ice
 m - an uncursed ring of ice
Scrolls
 a - a scroll of enchant weapon {unknown}
 e - 3 scrolls of identify {unknown}
 g - 2 scrolls of enchant armour {unknown}
 i - 2 scrolls of teleportation {unknown}
 j - 2 scrolls of remove curse {unknown}
 k - 2 scrolls of noise {unknown}
 q - a scroll of immolation {unknown}
Potions
 h - a potion of berserk rage {unknown}
 n - a potion of flight {unknown}
 o - a potion of degeneration
 p - a potion of agility {unknown}
 r - a potion of heal wounds
Comestibles
 d - 3 rations


   Skills:
 - Level 1.5 Dodging
 - Level 2.1 Stealth
 - Level 2.0 Spellcasting
 + Level 2.3 Conjurations
   Level 0.7 Transmutations
 + Level 7.1 Earth Magic


You had 4 spell levels left.
You knew the following spells:

 Your Spells              Type           Power        Failure   Level  Hunger
a - Sandblast             Erth           ###...       1%          1    ##.....
b - Stone Arrow           Conj/Erth      ##....       10%         3    ####...

Your spell library contained the following spells:

 Spells                   Type           Power        Failure   Level  Hunger
 Passwall                 Tmut/Erth      ##......     7%          2    ###....
 Lee's Rapid Deconstruct  Erth           ###.......   34%         5    ######.
 Petrify                  Tmut/Erth      ##......     43%         4    #####..


Dungeon Overview and Level Annotations

Branches:
Dungeon (3/15)

Altars:


Innate Abilities, Weirdness & Mutations

You are resistant to torment.
Your stone body is resilient. (AC +4)
You are immune to poison.
You resist negative energy. (rN+)
You are resistant to electric shocks. (rElec)
You can survive without breathing.
You are immune to petrification.
You are immune to rotting.


Message History

The orc wizard is severely wounded.
The orc wizard completely misses you.
You hit the orc wizard.
You kill the orc wizard!
The orc priest invokes the aid of Beogh against you.
Beogh smites you!
Ouch! That really hurt!
* * * LOW HITPOINT WARNING * * *
You hit the orc.
The orc is moderately wounded.
The orc misses you.
You completely miss the orc.
The orc is moderately wounded.
The orc hits you with a short sword.
* * * LOW HITPOINT WARNING * * *
The orc priest miscasts a cantrip.
You closely miss the orc.
The orc is moderately wounded.
The orc hits you with a short sword.
You die...

▒·▒▒▒·▒ ▒·▒ ▒· ▒·▒
▒·▒··· ▒▒·▒▒▒·▒ ▒·▒ ▒·
▒·▒▒ ▒·▒·▒÷ ▒······▒
▒·▒ ▒·▒▒▒▒▒··▒ ▒·▒·▒·
▒▒▒▒▒▒▒▒
▒▒▒·▒·▒········· ··▒·▒·
····
··▒·▒···········▒··▒·▒·
▒···
▒·▒·▒▒▒▒···········▒·▒·
▒···▒▒·▒·▒
▒·▒▒▒▒▒▒···o▒·▒·
▒····▒·▒▒▒▒·▒ ▒···o▒·▒·
▒▒▒▒····▒oKo@··▒
▒····▒·▒·
·········▒▒▒▒▒▒▒
▒····▒·▒· ·········▒
▒····▒·▒) ········o▒
▒▒······▒) ···········
·······▒▒▒·
▒▒▒▒▒▒▒o▒▒▒▒
▒▒▒▒··>···· ·o·
▒·▒·▒▒▒· ▒·▒ ····· ▒▒'
··▒ ····▒▒▒▒··


You could see an orc priest, an orc and a kobold.

Vanquished Creatures
  An orc priest (D:3)
  2 orc wizards (D:3)
  4 adders
  4 gnolls (D:2)
  3 worms
  3 leopard geckos
  5 orcs (D:3)
  3 giant cockroaches
  3 goblins (D:1)
  5 hobgoblins
  4 jackals (D:1)
  A quokka (D:3)
  A bat (D:1)
  4 frilled lizards
  A kobold (D:1)
  6 rats
50 creatures vanquished.

Notes
Turn   | Place    | Note
-------+----------+-------------------------------------------
     0 | D:1      | Azzok the Gargoyle Earth Elementalist began the quest for the Orb.
     0 | D:1      | Reached XP level 1. HP: 10/10 MP: 3/3
    59 | D:1      | Reached skill level 4 in Earth Magic
   176 | D:1      | Reached XP level 2. HP: 12/15 MP: 3/5
   903 | D:1      | Reached skill level 5 in Earth Magic
   903 | D:1      | Reached XP level 3. HP: 19/19 MP: 6/6
   908 | D:1      | Learned a level 3 spell: Stone Arrow
  1779 | D:2      | Reached XP level 4. HP: 15/24 MP: 3/7
  1887 | D:2      | Reached skill level 6 in Earth Magic
  2629 | D:3      | Reached skill level 1 in Conjurations
  2629 | D:3      | Reached XP level 5. HP: 23/28 MP: 3/8
  2948 | D:3      | Reached skill level 7 in Earth Magic
  3056 | D:3      | HP: 1/28 [orc/short sword (1)]
  3057 | D:3      | Slain by an orc

Vault maps used:
D:1:      dpeg_arrival_water_fire

Skill      XL: |  1  2  3  4  5 |
---------------+----------------+-----
Earth Magic    | 4 5 6 7 |  7.1
Conjurations   | 1 2 |  2.3
Dodging        | |  1.5
Stealth        | |  2.1
Spellcasting   | |  2.0
Transmutations | |  0.7

Action                   |  1- 3 |  4- 6 || total
-------------------------+-------+-------++-------
Melee: Hand axe          |    76 |    29 ||   105
       Dagger            |       |    41 ||    41
 Cast: Sandblast         |    15 |    23 ||    38
  Use: Potion            |       |     2 ||     2
 Stab: Sleeping          |     3 |       ||     3
  Eat: Chunk             |     2 |     5 ||     7
Armor: Robe              |    34 |    16 ||    50
Dodge: Dodged            |    69 |    43 ||   112

Table legend:
 A = Spawn XP
 B = Non-spawn XP
 C = Spawn XP percentage of total XP
 D = Spawn monster count
 E = Non-spawn monster count
 F = Spawn count percentage of total count
 G = Total turns spent on level
                    A         B        C        D         E        F      G
               +---------+---------+-------+---------+---------+-------+---------
         Total |       0 |     310 |   0.0 |       0 |      50 |   0.0 |  3057
               +---------+---------+-------+---------+---------+-------+---------
           D:1 |       0 |      37 |   0.0 |       0 |      21 |   0.0 |  1385
           D:2 |       0 |      96 |   0.0 |       0 |      10 |   0.0 |   949
           D:3 |       0 |     177 |   0.0 |       0 |      19 |   0.0 |   723
               +---------+---------+-------+---------+---------+-------+---------
